AoeStats
← Green Assassin

Four Lakes

503506505Analyzed
4v4 RM · 1mo ago on Sep 1, 2026· 30m 20s· 8 players
Game mode
Random Map
Map size
Large (8 player)
Population
200
Speed
Normal
Resources
Standard
Victory
Conquest
Starting age
Dark Age
Ending age
Imperial Age
RankedLock teamsTeams togetherTeam positionsShared explorationLock speedFull tech treeHidden civsTurbo modeCheats
Victory
Defeat
🇺🇸 Sicilians · United States
1312
+13
🇩🇪 Georgians · Germany
1194
+18
🇸🇰 Malay · Slovakia
1167
+19
🇦🇺 Japanese · Australia
1161
+20
🇲🇽 Magyars · Mexico
1256
-18
🇲🇽 Vikings · Mexico
1244
-18
🇵🇪 Teutons · Peru
1238
-17
🇦🇷 Persians · Argentina
1236
-17
TacoLgando
1:16 Loom
10:26 Feudal Age
15:48 Bloodlines
21:16 Castle Age
22:32 Husbandry
22:51 Scale Barding Armor
24:10 Double-Bit Axe
25:42 Chain Barding Armor
[Tps] RamsasII
4:45 Loom
12:36 Feudal Age
13:06 Double-Bit Axe
13:13 Gold Mining
13:04 Horse Collar
14:22 Wheelbarrow
18:45 Castle Age
18:20 Scale Barding Armor
18:26 Forging
19:34 Medium Warships
20:20 Bow Saw
20:11 Heavy Plow
21:12 Chain Barding Armor
22:11 Bloodlines
24:43 Hand Cart
24:31 Town Watch
25:55 Husbandry
JM-POL
6:45 Loom
9:42 Feudal Age
10:20 Horse Collar
10:27 Double-Bit Axe
13:02 Man-at-Arms
14:30 Arson
20:02 Castle Age
19:25 Gold Mining
19:44 Scale Mail Armor
19:55 Forging
21:27 Squires
22:04 Bow Saw
22:45 Fletching
22:56 Padded Archer Armor
23:39 Bodkin Arrow
24:56 Leather Archer Armor
24:39 Elite Skirmisher
26:17 Chain Mail Armor
EL CHANCHO 3026
7:15 Loom
10:45 Feudal Age
16:32 Castle Age
17:34 Double-Bit Axe
23:07 Scale Mail Armor
24:56 Chain Mail Armor
Rionosis
6:47 Loom
9:28 Feudal Age
10:14 Double-Bit Axe
12:44 Horse Collar
16:55 Fishing Lines
20:54 Castle Age
19:34 Gold Mining
19:57 Bloodlines
21:36 Scale Barding Armor
21:44 Forging
22:01 Bow Saw
22:14 Heavy Plow
22:18 Town Watch
22:36 Husbandry
23:13 Gillnets
24:27 Medium Warships
26:46 Wheelbarrow
30:04 Gold Shaft Mining
30:07 Stone Mining
ajja13849
10:49 Feudal Age
10:32 Double-Bit Axe
12:05 Horse Collar
13:32 Fishing Lines
16:00 Castle Age
14:58 Fletching
15:08 Padded Archer Armor
15:05 Gold Mining
15:30 Gillnets
15:56 Loom
16:48 Wheelbarrow
16:49 Bodkin Arrow
17:16 Crossbowman
21:30 Gold Shaft Mining
21:19 Forging
22:11 Pikeman
23:28 Stone Mining
25:16 Leather Archer Armor
25:31 Hand Cart
29:06 Imperial Age
26:52 Bow Saw
27:32 Town Watch
30:36 Chemistry
30:53 Thumb Ring
Green Assassin
1:51 Loom
11:36 Feudal Age
12:03 Double-Bit Axe
11:59 Horse Collar
16:26 Scale Barding Armor
16:33 Forging
19:20 Castle Age
17:31 Scale Barding Armor
21:48 Bloodlines
21:38 Husbandry
22:17 Iron Casting
24:11 Wheelbarrow
24:45 Gold Mining
25:00 Heavy Plow
27:43 Fletching
28:31 Ballistics
28:45 Bodkin Arrow
Porkroll
12:08 Feudal Age
12:16 Man-at-Arms
18:04 Castle Age
18:02 Scale Mail Armor
20:25 Wheelbarrow
19:40 Long Swordsman
Connection lost

Rejoining the realm…

Still unreachable

The connection could not be restored.

Session expired

The server has moved on; the page needs a fresh start.